Map: King Sejong Station LE

Players

MarineLorD - Winner!

  • Race: Terran Terran
  • League: Master

Beastyqt

  • Race: Terran Terran
  • League: Master

VOD

Have the link to the VOD?

Description

Time

  • Played on: Nov. 23, 2016, 3:35 p.m.
  • Length: 17:06
Show
View Real Time Build Order
Export as new Build Order

MarineLorD Terran - Winner!

Build Orders: Reaper Expand, Mech 

Get SALT Encoding   

  12  0:00  SCV  
  13  0:12  SCV  
  14  0:17  Supply Depot  
  14  0:24  SCV  
  15  0:30  Refinery  
  15  0:38  SCV  
  16  0:44  Barracks  
  16  0:50  SCV  
  17  1:02  SCV  
  18  1:14  SCV  
  19  1:31  Orbital Command, Reaper  
  18  1:57  SCV  
  18  1:58  Command Center  
  19  2:02  Factory  
  19  2:06  Barracks Reactor  
  19  2:10  SCV  
  20  2:16  Supply Depot  
  20  2:22  SCV  
  21  2:28  Refinery  
  21  2:34  SCV  
  22  2:42  Marine x2  
  24  2:47  Starport  
  24  2:48  SCV  
  25  3:00  Marine x2, SCV  
  28  3:06  Cyclone  
  31  3:13  Orbital Command  
  31  3:16  SCV  
  32  3:20  Marine  
  32  3:21  Marine  
  34  3:28  SCV  
  35  3:38  Cyclone  
  35  3:40  Marine x2  
  35  3:41  SCV  
  41  3:45  Medivac  
  41  3:47  SCV  
  43  3:51  Supply Depot  
  43  3:54  SCV  
  42  4:03  Marine x2  
  42  4:06  SCV  
  43  4:11  Factory Tech Lab  
  43  4:12  SCV  
  43  4:15  Engineering Bay  
  44  4:18  SCV  
  45  4:24  SCV  
  45  4:27  Marine x2  
  45  4:30  SCV  
  49  4:32  Siege Tank  
  49  4:35  Supply Depot  
  52  4:40  SCV  
  52  4:42  SCV  
  54  4:46  Missile Turret  
  54  4:57  Viking, SCV  
  54  5:05  Siege Tank  
  54  5:06  Marine x2, Missile Turret  
  58  5:09  SCV  
  58  5:10  SCV  
  60  5:21  SCV  
  60  5:22  SCV  
  62  5:32  Viking  
  62  5:37  Supply Depot  
  62  5:38  Supply Depot, SCV  
  62  5:41  Command Center, SCV  
  60  5:46  Siege Tank  
  60  5:50  SCV  
  60  5:53  SCV, Barracks Tech Lab  
  62  6:02  SCV  
  61  6:05  SCV  
  61  6:07  Refinery  
  61  6:08  Refinery, Supply Depot x2  
  62  6:14  SCV  
  62  6:15  Viking  
  62  6:17  SCV  
  69  6:18  Siege Tank  
  69  6:19  Marine  
  69  6:21  Viking  
  72  6:29  SCV  
  72  6:32  Supply Depot x2  
  73  6:34  SCV  
  74  6:41  SCV  
  74  6:43  Barracks Reactor  
  74  6:46  Factory, SCV  
  76  6:49  Viking  
  76  6:53  SCV  
  79  6:57  Viking  
  79  6:59  Orbital Command, SCV  
  82  7:10  Refinery, SCV  
  82  7:11  SCV  
  84  7:17  Siege Tank  
  84  7:19  Viking  
  89  7:22  Supply Depot, SCV  
  89  7:23  SCV  
  90  7:35  SCV  
  90  7:39  Orbital Command  
  90  7:44  SCV  
  91  7:47  SCV  
  91  7:49  Siege Tank  
  93  7:55  Factory  
  93  7:56  SCV  
  93  7:58  Factory x2  
  92  7:59  SCV  
  90  8:08  SCV x2  
  90  8:11  Hellion, SCV  
  90  8:12  Hellion  
  87  8:18  Viking  
  79  8:20  SCV  
  79  8:21  Siege Tank, Viking, SCV  
  79  8:23  SCV  
  84  8:33  Hellion x2  
  83  8:35  SCV  
  83  8:38  SCV x2  
  82  8:47  SCV  
  80  8:50  SCV  
  80  8:52  SCV  
  80  8:54  Hellion  
  84  8:56  Factory Reactor, Factory Tech Lab  
  84  9:00  SCV  
  84  9:02  SCV  
  86  9:04  SCV  
  86  9:05  Viking  
  85  9:12  SCV  
  85  9:13  Refinery  
  85  9:14  SCV  
  85  9:15  Siege Tank  
  90  9:17  Viking  
  90  9:18  Siege Tank x2  
  90  9:22  SCV  
  90  9:24  SCV  
  100  9:26  SCV  
  101  9:35  SCV  
  101  9:36  SCV  
  101  9:38  Viking  
  105  9:43  Hellion x4  
  113  9:46  Armory  
  113  9:47  Viking, Armory  
  113  9:48  SCV  
  113  9:51  Supply Depot  
  116  10:00  Supply Depot x2  
  116  10:02  SCV  
  116  10:03  SCV x2  
  116  10:06  Liberator x2  
  119  10:12  Siege Tank  
  124  10:28  Siege Tank  
  127  10:33  Sensor Tower  
  130  10:35  Siege Tank  
  130  10:36  Hellion, Hellbat x2  
  130  10:38  Hellbat  
  138  10:54  Siege Tank  
  141  10:59  Terran Vehicle Weapons Level 1, Terran Vehicle And Ship Armor Level 1  
  141  11:00  Command Center x2  
  141  11:05  Command Center  
  141  11:07  Supply Depot  
  141  11:09  Supply Depot  
  137  11:15  Siege Tank x2  
  141  11:19  Infernal Pre-Igniter  
  139  11:31  Siege Tank  
  136  11:38  Hellion  
  136  11:43  Viking x2  
  138  11:50  Hellbat x2  
  138  11:51  Hellbat x2  
  145  12:03  Thor  
  145  12:05  Thor  
  152  12:22  Thor  
  155  12:23  Orbital Command x2  
  148  12:30  Liberator  
  148  12:46  Siege Tank  
  148  12:48  Siege Tank  
  157  13:05  Siege Tank  
  160  13:08  Hellion x2  
  164  13:15  Missile Turret  
  164  13:18  Siege Tank  
  164  13:19  Missile Turret  
  152  13:20  Siege Tank  
  152  13:22  Hellion x2, Viking  
  143  13:30  Viking  
  141  13:39  Hellion  
  141  13:41  Planetary Fortress  
  141  13:43  Refinery x2  
  141  13:52  Viking  
  141  13:53  Terran Vehicle Weapons Level 2  
  143  13:59  Viking  
  145  14:05  Siege Tank  
  145  14:11  Siege Tank  
  145  14:12  Hellion x2  
  152  14:20  Siege Tank, Hellbat x2  
  152  14:22  Viking  
  155  14:33  Hellbat x2  
  155  14:35  SCV x4  
  155  14:37  Siege Tank  
  162  14:42  Hellion  
  162  14:43  Siege Tank  
  167  14:55  Siege Tank  
  167  14:56  Hellbat  
  162  15:10  Siege Tank  
  162  15:13  Hellbat x2  
  167  15:15  Siege Tank, SCV x2  
  171  15:28  Siege Tank  
  174  15:35  Viking  
  172  15:42  Thor  
  163  15:47  Thor  
  160  15:59  Thor  
  166  16:05  Viking x2  
  166  16:10  Orbital Command  
  170  16:14  Hellbat  
  172  16:25  Siege Tank, SCV x2  
  162  16:36  Hellbat  
  162  16:37  Hellbat  
  162  16:39  Barracks  
  152  16:42  Hellbat x2  
Show
View Real Time Build Order
Export as new Build Order

Beastyqt Terran 

Build Orders: Cyclone Opening, Reaper Expand, Mech 

Get SALT Encoding   

  12  0:00  SCV  
  13  0:13  SCV  
  14  0:17  Supply Depot  
  14  0:25  SCV  
  14  0:28  Refinery  
  15  0:38  SCV  
  16  0:45  Barracks  
  16  0:50  SCV  
  17  1:02  SCV  
  18  1:15  SCV  
  19  1:31  Orbital Command  
  19  1:33  Reaper  
  20  1:53  Command Center  
  20  1:57  SCV  
  21  2:03  Factory  
  21  2:06  Barracks Reactor  
  21  2:09  SCV  
  21  2:15  Supply Depot  
  22  2:21  SCV  
  23  2:24  Refinery  
  23  2:36  SCV  
  24  2:49  SCV  
  25  2:52  Cyclone, Hellion  
  30  3:01  SCV  
  30  3:05  Starport  
  31  3:07  Orbital Command  
  31  3:13  Hellion, SCV  
  31  3:18  Barracks Tech Lab  
  34  3:24  Hellion  
  34  3:25  SCV  
  37  3:37  SCV  
  37  3:39  SCV  
  36  3:42  Hellion  
  36  3:46  Hellion  
  36  3:48  Cloaking Field  
  39  3:49  SCV  
  39  3:52  SCV  
  39  3:53  Supply Depot  
  41  4:02  SCV  
  42  4:04  SCV  
  42  4:06  Banshee  
  43  4:11  Hellion  
  43  4:16  SCV  
  46  4:19  SCV  
  46  4:21  Hellion  
  49  4:25  Supply Depot  
  49  4:27  Marine  
  49  4:28  SCV  
  49  4:31  SCV  
  49  4:38  Hellion  
  49  4:40  SCV  
  49  4:42  Hellion  
  52  4:46  SCV  
  52  4:49  Viking  
  55  4:56  SCV  
  55  4:59  Hellion  
  56  5:02  SCV  
  56  5:03  Hellion  
  58  5:09  SCV  
  59  5:18  SCV  
  56  5:21  SCV  
  56  5:22  Raven  
  56  5:26  Command Center  
  59  5:30  SCV  
  59  5:31  Hellion  
  59  5:35  SCV  
  61  5:37  Supply Depot  
  61  5:42  SCV  
  60  5:47  SCV  
  60  5:48  Barracks Tech Lab  
  61  5:51  Factory x2  
  61  5:54  Hellion, SCV  
  64  5:59  SCV  
  62  6:06  Refinery x2, SCV  
  63  6:11  SCV  
  63  6:13  Barracks Reactor  
  66  6:20  Cyclone x2  
  66  6:21  SCV  
  71  6:26  SCV  
  71  6:30  Viking, Supply Depot  
  71  6:31  Supply Depot  
  74  6:36  SCV  
  74  6:38  SCV  
  76  6:40  Orbital Command  
  76  6:50  Siege Tank  
  76  6:51  Siege Tank  
  76  6:54  SCV  
  83  6:56  SCV  
  82  7:03  Refinery  
  82  7:04  Refinery  
  82  7:07  SCV  
  83  7:11  SCV  
  83  7:15  Viking, Hellion x2  
  88  7:18  Viking  
  88  7:19  SCV  
  93  7:26  Supply Depot x2  
  93  7:29  Siege Tank  
  97  7:30  SCV  
  97  7:35  SCV  
  98  7:37  SCV  
  98  7:43  Armory, Supply Depot  
  99  7:45  SCV  
  99  7:47  SCV  
  99  7:50  SCV  
  94  7:59  SCV  
  94  8:02  SCV  
  84  8:11  SCV  
  83  8:14  Siege Tank, Hellion, SCV  
  89  8:23  SCV  
  89  8:27  SCV  
  89  8:31  Viking x2  
  90  8:35  SCV  
  90  8:39  SCV  
  90  8:47  SCV  
  79  8:51  SCV  
  77  8:59  Thor x2  
  84  9:10  Viking  
  84  9:17  Viking  
  88  9:29  Command Center  
  88  9:33  Hellion x2  
  88  9:35  Terran Vehicle Weapons Level 1  
  92  9:42  Viking  
  94  9:47  Viking  
  96  9:58  Siege Tank x2  
  96  9:59  Hellion  
  102  10:01  Liberator  
  102  10:02  Liberator  
  102  10:11  Hellion, SCV x2  
  105  10:20  Hellion  
  111  10:29  SCV  
  112  10:35  Widow Mine x2  
  112  10:39  Supply Depot  
  112  10:40  Siege Tank  
  119  10:44  SCV x2  
  121  10:54  Hellion  
  121  10:56  SCV x2  
  125  11:05  Hellion  
  125  11:08  SCV  
  128  11:15  SCV  
  129  11:21  Viking x2  
  129  11:23  Siege Tank x2  
  135  11:28  Hellion x2  
  137  11:34  Barracks  
  137  11:37  Refinery  
  135  12:02  Viking x2  
  135  12:06  Engineering Bay  
  139  12:09  Hellion  
  139  12:11  Hellion  
  139  12:13  Siege Tank x2  
  146  12:17  Command Center  
  142  12:36  Orbital Command  
  135  12:38  Viking x2  
  135  12:41  Hellion x2  
  135  12:43  Terran Vehicle Weapons Level 2  
  138  12:44  Starport x2  
  138  12:56  Widow Mine x2  
  142  13:01  Missile Turret  
  142  13:02  Missile Turret  
  142  13:06  Liberator x2  
  142  13:12  Viking x2  
  127  13:24  Liberator  
  117  13:43  Viking  
  117  13:44  Fusion Core  
  117  14:01  Liberator x3  
  111  14:04  Siege Tank x2, Hellion x2  
  111  14:07  Liberator  
  116  14:33  Hellion x2  
  119  14:40  Orbital Command, SCV x2  
  121  14:45  Liberator x2  
  121  14:51  Command Center  
  113  15:02  Starport Tech Lab  
  112  15:17  Siege Tank x2  
  112  15:18  Hellion  
  112  15:21  Command Center  
  118  15:24  Hellion, SCV  
  118  15:33  Liberator  
  109  15:39  Hellion  
  105  15:45  Hellion  
  109  15:50  Hellion  
  112  16:07  Orbital Command  
  110  16:37  SCV  
  87  16:47  SCV x2  
Tags
 
Add a new tag
Caveats
  • Supply blocks, unpowered buildings, or Contaminate may cause inaccurate times.
  • Supply counts are checked every 10 seconds.